 Dungeon Crawl Stone Soup version 0.29.1-15-g9cfb28693d (webtiles) character file.

Game seed: 361399544769297256

16 leafyfresh the Sneak (level 2, -4/21 HPs)
             Began as an Octopode Delver on Mar 4, 2023.
             Slain by an orc
             ... wielding a +0 dagger
              (5 damage)
             ... on level 4 of the Dungeon.
             The game lasted 00:00:58 (772 turns).

leafyfresh the Sneak (Octopode Delver)               Turns: 772, Time: 00:00:59

Health: -4/21      AC:  1    Str: 11    XL:     2   Next: 58%
Magic:  2/2        EV: 13    Int: 12    God:
Gold:   46         SH:  0    Dex: 13    Spells: 1/1 levels left

rFire   . . .      SeeInvis .   a - +0 short sword
rCold   . . .      Faith    .   (no shield)
rNeg    . . .      Spirit   .   (helmet restricted)
rPois   .          Reflect  .   (no amulet)
rElec   .          Harm     .   (no ring)
rCorr   .          Rampage  .   (no ring)
Will    .....                   (no ring)
Stlth   ++++......              (no ring)
HPRegen 0.07/turn               (no ring)
MPRegen 0.08/turn               (no ring)
                                (no ring)
                                (no ring)

@: no status effects
A: almost no armour, amphibious, 8 rings, camouflage 1, gelatinous body 1,
(nimble swimmer 1), tentacles
a: no special abilities


You were on level 4 of the Dungeon.
You visited 1 branch of the dungeon, and saw 2 of its levels.

You collected 46 gold pieces.

Inventory:

Hand Weapons
 a - a +0 short sword (weapon)
Jewellery
 i - an amulet of reflection
 k - a ring of willpower
Wands
 f - a wand of digging (2)
 h - a wand of polymorph (6)
Scrolls
 b - a scroll of fog
 c - a scroll of magic mapping
 d - a scroll of fear
 e - a scroll of amnesia {unknown}
 m - a scroll of enchant armour {unknown}
 o - a scroll of poison {unknown}
Potions
 g - a potion of berserk rage {unknown}
 j - a potion of curing {unknown}
 l - a potion of flight {unknown}
 n - a potion of degeneration {unknown}
 p - a potion of brilliance {unknown}


   Skills:
 + Level 3.3 Fighting
 - Level 2.0 Short Blades
 + Level 2.3 Dodging
 + Level 6.9 Stealth


You had one spell level left.
You didn't know any spells.
Your spell library was empty.

Dungeon Overview and Level Annotations

Branches:
Dungeon (5/15)
 Temple: D:4-7

Altars:


Innate Abilities, Weirdness & Mutations

You cannot wear most types of armour.
You are amphibious.
You can wear up to eight rings at the same time.
Your skin changes colour to match your surroundings (Stealth+).
Your rubbery body absorbs attacks. (AC +1, EV +1)
((You are camouflaged when in or above water. (Stealth+)))
You have tentacles for arms and can constrict up to eight enemies at once.


Message History

You now have 46 gold pieces (gained 10).
Key pressed, stopping explore.
No target in view!
An orc comes into view.
It is wielding a +0 whip and quivering boomerangs of dispersal.
An orc wizard and 3 orcs come into view.
The orc shouts!
The orc wizard shouts!
The orc shouts! x2
The orc throws a boomerang of dispersal.
The boomerang of dispersal hits you.
You blink.
The orc moves out of view. x2
The orc wizard moves out of view.
The orc moves out of view.
You hear a shout!
An orc is nearby!
The orc throws a boomerang of dispersal.
The boomerang of dispersal hits you.
You blink.
An orc is nearby!
An orc is nearby!
There are monsters nearby!
You hit the orc. Your grab misses the orc.
The orc is heavily wounded.
The orc hits you with a +0 whip.
You hit the orc but do no damage. You grab the orc.
The orc is heavily wounded.
You constrict the orc. The orc hits you with a +0 whip.
* * * LOW HITPOINT WARNING * * *
You are too injured to fight recklessly!
You are too injured to fight recklessly!
You are too injured to fight recklessly!
Unknown command.
Aiming: Dig
Press: ? - help, Shift-Dir - straight line The rock shatters into small pieces.
You constrict the orc. The orc hits you with a +0 dagger.
* * * LOW HITPOINT WARNING * * *
The orc closely misses you.
Unknown command.
You release your grip on the orc.
The orc closely misses you. The orc attacks as you move away!
The orc hits you with a +0 club.
* * * LOW HITPOINT WARNING * * *
The orc barely misses you. The orc attacks as you move away!
The orc hits you with a +0 dagger.
You die...

###...##.......#................#
........................#..†....#
......#......##.........#.......#
#######.........##...........####
#....##...##...........# #
#....#8...8####........#
#....##...## ##........####
#..####...##...>..........# #.##
##.oo@...............# ..#
#8..o8##########.....# ####
##...## ##....# #...# ##...#
o.o.......# #...# .oo.oo....8#
#.... ..........## #....
8###8###8## ##### ## ###


You could see an orc wizard and 4 orcs.

Vanquished Creatures
  2 orcs (D:4)
  An endoplasm (D:4)
  2 giant cockroaches (D:4)
  A goblin (D:4)
  2 hobgoblins (D:4)
  2 quokkas (D:4)
  A ball python (D:4)
  A kobold (D:4)
12 creatures vanquished.

Notes
Turn   | Place    | Note
-------+----------+-------------------------------------------
     0 | D:5      | leafyfresh the Octopode Delver began the quest for the Orb.
     0 | D:5      | Reached XP level 1. HP: 16/16 MP: 1/1
    21 | D:5      | Noticed a gnoll bouda
   248 | D:4      | Reached XP level 2. HP: 11/21 MP: 2/2
   771 | D:4      | HP: 1/21 [orc/+0 club (3)]
   772 | D:4      | Slain by an orc

Illustrated notes

Levels and vault maps discovered:
D:4:      layout_rooms, serial_corexii_hall, corexii_hall_statues_x,
          corexii_hall_statues_l, corexii_hall_statues_x,
          corexii_hall_statues_t, kennysheep_cluttered_room
D:5:      layout_rooms, nicolae_shop_vocational

Action                   || total
-------------------------++-------
Melee: Short sword       ||    30
       Tentacles         ||     8
       Constrict         ||     6
       Punch             ||     1
Evoke: Wand              ||     1
  Use: Potion            ||     1
 Stab: Sleeping          ||     2
       Distracted        ||     1
Armor: Skin              ||     1
Dodge: Dodged            ||    22
